Map: Oxide LE

Players

ArT

  • Race: Protoss Protoss

Serral - Winner!

  • Race: Zerg Zerg
  • League: Master

Event: DreamHack SC2 Masters 2021 Summer

VOD

Have the link to the VOD?

Description

Time

  • Played on: May 23, 2021, 12:32 p.m.
  • Length: 13:27

All games in this series

Show
View Real Time Build Order
Export as new Build Order

ArT Protoss 

Build Orders: 1 Gate Expand, Colossus Rush 

Get SALT Encoding   

  12  0:00  Probe  
  13  0:12  Probe  
  14  0:18  Pylon  
  14  0:25  Probe (Chrono Boost)  
  15  0:37  Probe (Chrono Boost)  
  15  0:38  Gateway  
  16  0:45  Probe (Chrono Boost)  
  16  0:47  Assimilator  
  17  0:51  Probe  
  18  1:03  Probe  
  19  1:15  Probe  
  20  1:25  Nexus  
  20  1:35  Cybernetics Core  
  20  1:38  Probe  
  21  1:44  Assimilator  
  21  1:50  Probe  
  22  1:54  Pylon  
  22  2:02  Probe  
  23  2:09  Stalker (Chrono Boost)  
  23  2:12  Warp Gate  
  23  2:14  Probe  
  26  2:27  Probe (Chrono Boost)  
  26  2:29  Robotics Facility  
  27  2:32  Adept  
  29  2:38  Probe (Chrono Boost)  
  31  2:45  Probe (Chrono Boost)  
  31  2:47  Probe (Chrono Boost)  
  32  2:52  Probe x2 (Chrono Boost)  
  34  3:04  Probe  
  35  3:06  Gateway  
  35  3:08  Probe  
  36  3:13  Warp Prism (Chrono Boost)  
  36  3:17  Probe  
  39  3:21  Probe  
  39  3:26  Robotics Bay  
  40  3:29  Probe  
  40  3:33  Probe, Pylon  
  42  3:41  Probe, Assimilator  
  43  3:42  Observer  
  43  3:43  Assimilator  
  43  3:46  Probe  
  45  3:53  Probe  
  45  3:54  Pylon  
  46  3:58  Probe  
  46  4:00  Adept  
  49  4:05  Probe  
  50  4:10  Probe, Disruptor (Chrono Boost)  
  50  4:14  Gravitic Drive  
  54  4:17  Probe, Pylon  
  54  4:21  Adept x2  
  54  4:22  Probe  
  60  4:28  Pylon  
  60  4:38  Disruptor (Chrono Boost)  
  63  4:50  Twilight Council  
  63  4:51  Gateway  
  63  4:54  Gateway, Pylon  
  63  4:56  Sentry x2  
  67  5:05  Pylon  
  67  5:08  Immortal (Chrono Boost)  
  71  5:19  Nexus  
  70  5:25  Shield Battery, Sentry  
  70  5:26  Sentry  
  74  5:30  Probe x2  
  74  5:35  Blink (Chrono Boost)  
  76  5:41  Forge  
  77  5:42  Probe  
  77  5:47  Probe, Pylon  
  77  5:48  Colossus (Chrono Boost)  
  78  5:53  Immortal (Chrono Boost)  
  82  6:02  Pylon  
  82  6:03  Probe  
  83  6:06  Sentry  
  83  6:09  Gateway  
  83  6:11  Probe  
  86  6:15  Probe  
  87  6:24  Protoss Ground Weapons Level 1  
  87  6:25  Probe, Immortal (Chrono Boost)  
  88  6:29  Probe  
  93  6:37  Probe x2  
  95  6:41  Probe  
  95  6:45  Gateway  
  96  6:48  Gateway  
  96  6:49  Probe x2  
  98  6:57  Photon Cannon, Stalker x3  
  104  7:04  Photon Cannon  
  104  7:11  Stalker  
  104  7:13  Observer (Chrono Boost), Stalker  
  108  7:18  Probe x2  
  108  7:20  Assimilator  
  108  7:21  Assimilator  
  110  7:22  Stalker  
  110  7:25  Probe  
  110  7:27  Pylon  
  113  7:32  Templar Archives, Probe  
  113  7:33  Charge  
  114  7:37  Stalker x2  
  114  7:43  Probe  
  119  7:45  Shield Battery  
  119  7:48  Probe  
  119  7:50  Photon Cannon  
  120  7:52  Shield Battery  
  120  7:55  Stalker x2  
  122  8:08  Stalker x2  
  126  8:14  Psionic Storm  
  126  8:22  Gateway  
  126  8:23  Gateway  
  126  8:24  Protoss Ground Weapons Level 2 (Chrono Boost)  
  126  8:25  Gateway  
  126  8:26  Pylon  
  126  8:30  High Templar x3  
  132  8:41  Photon Cannon  
  132  8:45  Photon Cannon  
  132  8:47  High Templar  
  134  8:52  Shield Battery  
  134  8:55  Shield Battery  
  134  8:56  Pylon  
  134  8:58  Zealot, Pylon  
  134  9:01  Pylon  
  136  9:07  Observer  
  136  9:09  Probe x3  
  133  9:18  Photon Cannon, Stalker x4  
  133  9:19  Photon Cannon  
  133  9:21  Probe  
  133  9:22  Probe  
  143  9:25  Pylon  
  143  9:30  High Templar x3  
  149  9:35  Archon  
  149  9:36  High Templar  
  151  9:43  Archon  
  151  9:58  Nexus  
  151  10:02  Pylon  
  151  10:03  Zealot x6  
  163  10:15  Dark Shrine  
  163  10:19  Observer  
  163  10:20  Probe  
  164  10:22  Sentry x2  
  164  10:23  Stalker x4  
  164  10:24  High Templar  
  164  10:25  Stalker  
  180  10:29  Protoss Ground Weapons Level 3 (Chrono Boost)  
  180  10:35  Pylon  
  176  10:38  Shield Battery, Pylon x2  
  176  10:48  Archon  
  121  10:58  Stalker x6  
  127  11:14  High Templar x2, Zealot x2  
  129  11:19  Archon  
  129  11:21  Shield Battery  
  129  11:24  Probe x2, Shield Battery  
  129  11:25  Probe  
  132  11:26  Probe  
  132  11:30  Assimilator  
  132  11:31  Pylon  
  133  11:33  Photon Cannon, High Templar  
  133  11:35  Photon Cannon  
  133  11:36  Probe  
  133  11:37  Photon Cannon  
  133  11:39  Dark Templar  
  105  11:55  Stalker x2  
  109  12:04  Stalker x4  
  112  12:11  Stalker x2  
  112  12:12  Stalker x2  
  110  12:18  Probe  
  110  12:21  Probe x2  
  108  12:30  High Templar x3  
  108  12:31  Pylon  
  108  12:36  Archon, Stalker x4  
  120  12:42  Probe  
  120  12:43  Probe  
  122  12:50  Stalker x2  
  105  13:17  Zealot  
  105  13:18  Zealot x3  
  98  13:20  Zealot x2  
Show
View Real Time Build Order
Export as new Build Order

Serral Zerg - Winner!

Build Orders: Hatch First, Muta Ling Bane 

Get SALT Encoding   

  12  0:00  Drone  
  13  0:12  Overlord  
  13  0:16  Drone  
  14  0:30  Drone x2  
  16  0:47  Hatchery  
  15  0:50  Drone  
  15  0:54  Drone  
  17  0:57  Drone  
  18  1:07  Extractor  
  17  1:13  Spawning Pool  
  17  1:15  Drone  
  17  1:19  Drone  
  18  1:28  Drone  
  19  1:38  Drone  
  20  1:49  Overlord  
  20  1:59  Queen x2  
  20  2:00  Zergling x4  
  26  2:11  Drone x2  
  28  2:20  Drone  
  28  2:21  Drone  
  30  2:31  Drone  
  30  2:32  Drone  
  30  2:36  Queen  
  34  2:37  Queen  
  34  2:42  Overlord  
  36  2:46  Overlord  
  36  3:00  Drone x2  
  36  3:04  Drone x2  
  40  3:06  Drone  
  40  3:07  Drone x5  
  46  3:16  Drone x2  
  46  3:17  Lair  
  48  3:22  Roach Warren  
  47  3:33  Hatchery  
  46  3:36  Overlord  
  46  3:38  Drone  
  46  3:39  Drone  
  48  3:42  Extractor x2, Drone  
  48  3:46  Drone x2  
  49  3:50  Overlord  
  49  3:51  Drone  
  49  3:53  Drone x2  
  52  3:56  Overlord  
  52  4:00  Overlord  
  52  4:04  Roach  
  52  4:09  Roach  
  56  4:13  Roach  
  56  4:15  Roach  
  56  4:16  Overseer  
  60  4:19  Glial Reconstitution  
  60  4:21  Roach x2  
  64  4:24  Overlord  
  64  4:28  Roach x2  
  68  4:31  Overseer  
  68  4:34  Evolution Chamber  
  68  4:37  Roach x2  
  70  4:43  Overlord  
  70  4:50  Queen  
  72  4:55  Drone x6  
  72  4:59  Extractor  
  77  5:04  Spire  
  76  5:07  Drone x3  
  76  5:12  Drone  
  80  5:14  Spore Crawler  
  80  5:15  Drone x2  
  80  5:19  Drone  
  80  5:20  Drone x2  
  84  5:23  Zerg Missile Weapons Level 1  
  84  5:24  Drone  
  84  5:27  Drone  
  84  5:28  Drone  
  87  5:33  Drone x2  
  89  5:37  Drone x2  
  89  5:38  Queen  
  89  5:41  Overlord  
  91  5:43  Overlord  
  91  5:50  Extractor  
  91  5:51  Extractor, Spore Crawler  
  88  5:59  Roach x3  
  94  6:09  Drone x3  
  97  6:13  Drone x3  
  97  6:14  Drone x3  
  97  6:17  Overlord  
  103  6:19  Overlord  
  103  6:24  Overlord  
  103  6:27  Mutalisk x5  
  103  6:32  Overlord  
  113  6:35  Baneling Nest  
  113  6:38  Mutalisk x3  
  113  6:39  Drone  
  120  6:40  Drone  
  120  6:41  Roach  
  122  6:59  Roach x5  
  132  7:04  Hatchery  
  132  7:07  Overlord  
  131  7:10  Zergling x14  
  131  7:12  Overlord  
  138  7:20  Centrifical Hooks, Zerg Flyer Weapons Level 1  
  138  7:25  Mutalisk  
  138  7:26  Mutalisk x2  
  138  7:28  Overlord  
  144  7:30  Metabolic Boost  
  144  7:35  Mutalisk x2  
  148  7:37  Zergling x6  
  148  7:38  Zergling x2  
  148  7:43  Ravager, Overlord  
  148  7:44  Overlord  
  153  7:45  Ravager  
  153  7:46  Zergling x4  
  153  7:50  Ravager  
  157  7:53  Zergling x2  
  157  7:54  Zergling x8  
  162  8:04  Zerg Melee Weapons Level 1  
  162  8:06  Zergling x16  
  170  8:15  Overlord x2  
  170  8:18  Drone x3  
  173  8:20  Baneling  
  173  8:21  Baneling x15  
  173  8:22  Drone x2  
  173  8:25  Drone  
  176  8:29  Drone  
  176  8:30  Drone x5  
  182  8:36  Overlord  
  182  8:40  Zergling x8  
  186  8:45  Overseer  
  186  8:50  Extractor, Drone  
  186  8:51  Drone x2  
  186  8:52  Hatchery  
  186  8:53  Zergling x2  
  186  8:54  Zergling x8  
  192  9:11  Zergling x16  
  200  9:19  Infestation Pit  
  200  9:21  Baneling x4, Evolution Chamber  
  200  9:22  Baneling x13  
  200  9:24  Ravager x2  
  200  9:27  Zerg Flyer Weapons Level 2  
  200  9:32  Spore Crawler  
  200  9:33  Drone  
  200  9:37  Baneling x10  
  200  9:49  Baneling x16  
  195  10:00  Hive  
  195  10:04  Zerg Melee Weapons Level 2  
  195  10:05  Zergling x2  
  195  10:06  Zergling x6  
  199  10:11  Extractor  
  199  10:12  Zerg Ground Armor Level 1  
  198  10:15  Drone  
  198  10:21  Drone  
  197  10:30  Zergling x14  
  197  10:34  Baneling x7  
  197  10:38  Drone  
  197  10:39  Drone  
  165  10:50  Zergling x12  
  165  10:51  Zergling x58  
  195  10:58  Zergling x14  
  195  11:04  Drone x2  
  197  11:12  Baneling x8  
  197  11:13  Baneling x21  
  197  11:14  Zergling x10  
  197  11:17  Adrenal Glands  
  199  11:24  Overlord x2  
  199  11:30  Drone, Ultralisk Cavern  
  199  11:33  Baneling x17  
  199  11:40  Baneling x6  
  188  11:48  Zergling x26  
  183  11:55  Zergling x12  
  183  11:56  Zergling x12  
  193  12:03  Overseer  
  193  12:04  Pneumatized Carapace  
  193  12:07  Zergling x14  
  193  12:08  Zergling x6  
  189  12:17  Zergling x12  
  191  12:23  Baneling x4  
  191  12:24  Baneling  
  191  12:31  Baneling  
  191  12:32  Baneling x15  
  192  12:37  Drone x5  
  192  12:43  Spore Crawler  
  195  12:44  Drone x2  
  195  12:45  Drone  
  195  12:46  Drone  
  195  12:50  Drone  
  200  12:52  Baneling x11  
Tags
 
Add a new tag
Caveats
  • Supply blocks, unpowered buildings, or Contaminate may cause inaccurate times.
  • Supply counts are checked every 10 seconds.